 Dungeon Crawl Stone Soup version 0.26-a0-958-gf3041fb45f (webtiles) character file.

Game seed: 5274706827891401785

343 lunkers the Reanimator (level 6, -8/49 HPs)
             Began as a Deep Dwarf Necromancer on Nov 30, 2020.
             Mangled by Duvessa
             ... wielding a +0 short sword
              (14 damage)
             ... on level 4 of the Dungeon.
             The game lasted 00:06:17 (3712 turns).

lunkers the Reanimator (Deep Dwarf Necromancer)     Turns: 3712, Time: 00:06:18

Health: -8/49      AC:  8    Str: 12    XL:     6   Next: 31%
Magic:  2/8        EV: 12    Int: 23    God:
Gold:   149        SH:  4    Dex: 13    Spells: 4/8 levels left

rFire    . . .     SeeInvis .   f - +2 short sword (vamp)
rCold    . . .     Faith    .   t - +0 buckler
rNeg     + . .     Spirit   .   z - +1 robe {rN+}
rPois    .         Reflect  .   (no helmet)
rElec    .         Harm     .   w - +0 cloak
rCorr    .         Rampage  .   (no gloves)
MR       .....                  (no boots)
Stlth    ++........             (no amulet)
HPRegen  0.00/turn              c - +4 ring of protection
MPRegen  0.11/turn              i - +6 ring of intelligence

@: non-regenerating
A: damage resistance, heal wounds, sense surroundings 1, no regeneration
a: Heal Wounds


You were on level 4 of the Dungeon.
You visited 1 branch of the dungeon, and saw 4 of its levels.

You collected 149 gold pieces.

Inventory:

Hand Weapons
 f - a +2 vampiric short sword (weapon)
 s - a +2 flail of draining
Armour
 t - a +0 buckler (worn)
 w - a +0 cloak (worn)
 z - a +1 robe of positive energy (worn)
Jewellery
 c - a +4 ring of protection (left hand)
 i - a +6 ring of intelligence (right hand)
 u - an uncursed ring of fire
 x - an uncursed ring of resist corrosion
Wands
 k - a wand of iceblast (4)
 y - a wand of flame (13)
Scrolls
 d - 2 scrolls of enchant weapon {unknown}
 e - 2 scrolls of teleportation {unknown}
 j - a scroll of blinking {unknown}
 l - 2 scrolls of magic mapping {unknown}
 m - a scroll of remove curse {unknown}
 n - 2 scrolls of identify {unknown}
 o - 2 scrolls of amnesia {unknown}
 v - a scroll of fear {unknown}
Potions
 b - 2 potions of curing {unknown}
 g - a potion of mutation {unknown}
 h - 3 potions of haste {unknown}
 p - a potion of flight {unknown}
 q - a potion of heal wounds {unknown}
 r - a potion of lignification {unknown}


   Skills:
 - Level 2.1 Dodging
 - Level 2.4 Stealth
 + Level 2.2 Shields
 - Level 1.7 Spellcasting
 * Level 8.0 Necromancy


You had 4 spell levels left.
You knew the following spells:

 Your Spells              Type           Power        Failure   Level
a - Vampiric Draining     Necr           #####.....   1%          3
c - Pain                  Necr           ####         1%          1

Your spell library contained the following spells:

 Spells                   Type           Power        Failure   Level
 Animate Skeleton         Necr           #####.       1%          1
 Animate Dead             Necr           #####.....   6%          4
 Corona                   Hex            #......      16%         1
 Magic Dart               Conj           #...         16%         1
 Blink                    Tloc           N/A          24%         2
 Call Imp                 Summ           #.......     24%         2
 Ensorcelled Hibernation  Hex/Ice        #.....       24%         2
 Slow                     Hex            #.......     24%         2
 Confusing Touch          Hex            #.......     43%         3
 Conjure Flame            Conj/Fire      #.......     43%         3
 Dazzling Flash           Conj/Hex       #.....       43%         3
 Mephitic Cloud           Conj/Pois/Air  #.......     43%         3
 Tukima's Dance           Hex            #.......     43%         3
 Agony                    Necr           #####...     17%         5


Dungeon Overview and Level Annotations

Branches:
Dungeon (4/15)
 Temple: D:4-7

Altars:
Makhleb
Okawaru
Trog
Xom
The Shining One

Annotations:
D:4 Duvessa


Innate Abilities, Weirdness & Mutations

You are resistant to damage.
You can heal yourself by infusing magical energy.
You passively map a small area around you.
You do not regenerate.


Message History

Duvessa hits you with a +0 short sword.
Evoke which item? (* to show all) (? for menu, Esc to quit)
Aiming: Throw Flame
Press: ? - help, Shift-Dir - straight line, f/p - Duvessa
Aim: Duvessa, wielding a +0 short sword and wearing a +0 ring mail (severely wounded, berserk, 23% to evade)
The puff of flame hits Duvessa but does no damage.
Duvessa is severely wounded.
Duvessa hits you with a +0 short sword!
Duvessa hits you with a +0 short sword!!
* * * LOW HITPOINT WARNING * * *
Evoke which item? (* to show all) (? for menu, Esc to quit)
Aiming: Throw Flame
Press: ? - help, Shift-Dir - straight line, f/p - Duvessa
Aim: Duvessa, wielding a +0 short sword and wearing a +0 ring mail (severely wounded, berserk, 23% to evade)
The puff of flame hits Duvessa.
Duvessa is severely wounded.
Duvessa hits you with a +0 short sword!
* * * LOW HITPOINT WARNING * * *
Duvessa hits you with a +0 short sword!
You die...

* * #.#.#..#.# *
..#.##.#.#
###.##...# ,
#.###..# *
#.###..###
#........#
#####(.#.#
,,############.#.#
, #.@..........>.#
*, , ,
#e############†# *
,#.#.......# #.# ,
, #.#.#####.####.#
, , '.#.# #......#
, ###.# ######## *
* #.# ### #.#
###.# #.#


You could see Duvessa (berserk).

Vanquished Creatures
  Dowan (D:4)
  A scorpion (D:4)
  A hound (D:3)
  An orc priest (D:3)
  Crazy Yiuf (D:3)
  An iguana (D:2)
  A worker ant (D:4)
  4 adders
  An ooze (D:1)
  3 dart slugs
  3 leopard geckos
  2 orcs (D:3)
  A giant cockroach (D:3)
  10 goblins
  3 hobgoblins
  6 jackals
  9 kobolds
  A quokka (D:2)
  2 ball pythons (D:2)
  8 bats
  3 frilled lizards
  4 rats
67 creatures vanquished.

Vanquished Creatures (others)
  A plant (D:2)
1 creature vanquished.

Grand Total: 68 creatures vanquished

Notes
Turn   | Place    | Note
-------+----------+-------------------------------------------
     0 | D:1      | lunkers the Deep Dwarf Necromancer began the quest for the
                  | Orb.
     0 | D:1      | Reached XP level 1. HP: 15/15 MP: 3/3
   130 | D:1      | Reached skill level 5 in Necromancy
   130 | D:1      | Reached XP level 2. HP: 17/22 MP: 0/4
   903 | D:2      | Reached XP level 3. HP: 10/28 MP: 0/5
   911 | D:2      | Learned a level 3 spell: Vampiric Draining
  1028 | D:2      | Reached skill level 6 in Necromancy
  1315 | D:2      | Found a glowing golden altar of the Shining One.
  1495 | D:2      | Reached XP level 4. HP: 35/36 MP: 2/6
  1992 | D:2      | Found a shimmering altar of Xom.
  2273 | D:3      | Reached skill level 7 in Necromancy
  2273 | D:3      | Reached XP level 5. HP: 36/42 MP: 0/7
  2548 | D:3      | Found a bloodstained altar of Trog.
  2549 | D:3      | Found an iron altar of Okawaru.
  3025 | D:3      | Found a runed translucent door.
  3026 | D:3      | Noticed Crazy Yiuf
  3056 | D:3      | Found a burning altar of Makhleb.
  3189 | D:3      | Killed Crazy Yiuf
  3190 | D:3      | Reached skill level 1 in Shields
  3247 | D:4      | Reached XP level 6. HP: 42/49 MP: 1/8
  3419 | D:4      | Noticed Dowan
  3456 | D:4      | Killed Dowan
  3468 | D:4      | Noticed Duvessa
  3638 | D:4      | Reached skill level 8 in Necromancy
  3712 | D:4      | Mangled by Duvessa

Illustrated notes

Levels and vault maps discovered:
D:1:      dpeg_arrival_simpleton_b, layout_basic, grunt_decor_cap
D:2:      layout_basic, xom_teletrap_fun, tso_oasis_becter,
          minmay_pentomino_pile
D:3:      layout_basic, chequers_temple_overflow_statue_of_worship,
          makhleb_heckhound_becter, uniq_crazy_yiuf_cottage
D:4:      layout_basic, minmay_overflow_temple_star_quad, serial_shops, shop,
          shop, serial_bayou_pond_c, uniq_duvessa, uniq_ijyb

Skill      XL: |  1  2  3  4  5  6 |
---------------+-------------------+-----
Necromancy     | 5 6 7 8 |  8.0
Shields        | 1 2 |  2.2
Dodging        | |  2.1
Stealth        | |  2.4
Spellcasting   | |  1.7

Action                   |  1- 3 |  4- 6 || total
-------------------------+-------+-------++-------
Melee: Unarmed           |    11 |       ||    11
       Short sword       |    35 |    60 ||    95
 Cast: Pain              |    35 |     1 ||    36
       Vampiric Draining |     9 |    35 ||    44
Evoke: Wand              |       |     6 ||     6
 Stab: Sleeping          |     1 |     1 ||     2
Armor: Robe              |    22 |    22 ||    44
Dodge: Dodged            |    60 |    50 ||   110
Block: Buckler           |       |     2 ||     2

Table legend: (Time is in decaauts)
 A = Elapsed time spent in this place.
 B = Non-inter-level travel time spent in this place.
 C = Inter-level travel time spent in this place.
 D = Time resting spent in this place.
 E = Time spent auto-exploring this place.
 F = Levels seen in this place.
 G = Mean time per level.
                   A        B        C        D        E       F      G
               +--------+--------+--------+--------+--------+-----+--------+
         Total |   3715 |   3657 |     58 |    239 |   2782 |   4 |  928.8 |
       Dungeon |   3715 |   3657 |     58 |    239 |   2782 |   4 |  928.8 |
               +--------+--------+--------+--------+--------+-----+--------+

Top non-repeatable levels by time:
     D:2: 1367 daAuts
     D:3: 1024 daAuts
     D:1: 853 daAuts
     D:4: 470 daAuts
